 Dungeon Crawl Stone Soup version 0.31.0-32-g396128a36d (webtiles) character file.

Game seed: 14852694421775934123

280 Doomgape the Trooper (level 6, -8/39 HPs)
             Began as a Gargoyle Fighter on Mar 9, 2024.
             Mangled by an ogre
             ... wielding a +0 giant club
              (28 damage)
             ... on level 5 of the Dungeon on Mar 10, 2024.
             The game lasted 00:09:53 (3640 turns).

Doomgape the Trooper (Gargoyle Fighter)             Turns: 3640, Time: 00:09:54

Health: -8/39      AC: 14    Str: 22    XL:     6   Next: 27%
Magic:  6/6        EV:  8    Int:  8    God:
Gold:   234        SH:  4    Dex:  9    Spells: 5/5 levels left

rFire   + . .        a - +1 flail
rCold   + . .        c - +0 buckler
rNeg    + . .        l - +0 chain mail
rPois   ∞            (no helmet)
rElec   +            n - scarf {rC+ rF+}
rCorr   .            (no gloves)
SInv    +            (no boots)
Will    .....        (no amulet) Stlth
                     p - ring of see invisible
HPRegen 0.26/turn    (no ring)
MPRegen 0.10/turn

%: no passive effects
@: mighty
A: sickness immunity, AC +4, negative energy resistance 1, electricity
resistance, torment resistance 1, petrification resistance
a: no special abilities


You were on level 5 of the Dungeon.
You visited 1 branch of the dungeon, and saw 5 of its levels.

You collected 234 gold pieces.

Inventory:

Hand Weapons
 a - a +1 flail (weapon)
Armour
 c - a +0 buckler (worn)
 l - a +0 chain mail (worn)
 n - a scarf of resistance (worn)
Jewellery
 g - a ring of flight
 j - a ring of ice
 p - a ring of see invisible (left hand)
Scrolls
 b - a scroll of summoning {unknown}
 h - 3 scrolls of fear
 i - a scroll of teleportation
Potions
 e - a potion of heal wounds {unknown}
 f - 4 potions of curing
 k - a potion of berserk rage {unknown}
 m - 2 potions of brilliance {unknown}
 o - a potion of lignification {unknown}


   Skills:
 + Level 4.7 Fighting
 + Level 3.6 Maces & Flails
 + Level 4.6 Armour
 + Level 4.6 Shields


You had 5 spell levels left.
You didn't know any spells.
Your spell library contained the following spells:

 Spells                   Type           Power      Damage    Failure   Level
 Hailstorm                Conj/Ice       0%         3d5       100%        3
 Summon Ice Beast         Ice/Summ       0%         N/A       100%        3
 Alistair's Intoxication  Alch           0%         N/A       100%        5
 Borgnjor's Vile Clutch   Necr/Erth      0%         N/A       100%        5
 Eringya's Noxious Bog    Alch           0%         4d6       100%        6
 Sculpt Simulacrum        Ice/Alch       0%         N/A       100%        6


Dungeon Overview and Level Annotations

Branches:
Dungeon (5/15)
 Temple: D:4-7

Altars:
Nemelex Xobeh
Vehumet

Shops:
D:4 [


Innate Abilities, Weirdness & Mutations

You are immune to sickness and miasma.
Your stone body is resilient. (AC +4)
You are immune to poison.
You resist negative energy. (rN+)
You are resistant to electric shocks. (rElec)
You are resistant to unholy torment.
You are immune to petrification.


Message History

There is an open door here.
There is a stone staircase leading down here.
You climb downwards.
The ogre shouts!
The centaur shouts!
There is a stone staircase leading up here.
You sock the centaur!
The centaur is heavily wounded.
The centaur completely misses you. The centaur kicks you.
The centaur hits you but does no damage.
The centaur kicks you but does no damage.
The centaur barely misses you. You block the centaur's attack.
You climb upwards.
There is a stone staircase leading down here.
You hit the centaur.
The centaur is almost dead.
The centaur hits you but does no damage.
The centaur kicks you but does no damage.
The centaur closely misses you.
The centaur kicks you but does no damage.
You barely miss the centaur.
The centaur is almost dead.
The centaur hits you. You block the centaur's attack.
The centaur barely misses you.
The centaur kicks you but does no damage.
You hit the centaur.
You kill the centaur!
You have reached level 6!
You climb downwards.
There is a stone staircase leading up here.
You aren't carrying any items that you can evoke.
Unknown command.
You feel very mighty all of a sudden.
You sock the ogre!
The ogre is moderately wounded.
The ogre hits you with a +0 giant club!!
You sock the ogre!
The ogre is almost dead.
The ogre hits you with a +0 giant club!!
Ouch! That really hurt!
You die...

........
......
...#. .
#...# ...
#...#
....##...#
.........#
#.O@<#
#...###
.....#.
.... #.
... .. ..
## .


You could see an ogre.

Vanquished Creatures
  A centaur (D:4)
  A bombardier beetle (D:4)
  An iguana (D:4)
  5 adders
  A dart slug (D:1)
  A ribbon worm (D:4)
  3 orcs
  9 ball pythons
  7 bats
  8 endoplasms
  2 giant cockroaches
  4 hobgoblins
  13 jackals
  10 kobolds
  5 quokkas
  A frilled lizard (D:2)
  7 goblins
  3 rats
82 creatures vanquished.

Notes
Turn   | Place    | Note
-------+----------+-------------------------------------------
     0 | D:1      | Doomgape the Gargoyle Fighter began the quest for the Orb.
     0 | D:1      | Reached XP level 1. HP: 14/14 MP: 1/1
   100 | D:1      | Reached XP level 2. HP: 12/19 MP: 2/2
   376 | D:1      | Reached XP level 3. HP: 22/23 MP: 3/3
  1259 | D:2      | Reached XP level 4. HP: 29/29 MP: 4/4
  2412 | D:3      | Found a sparkling altar of Nemelex Xobeh.
  2733 | D:4      | Reached XP level 5. HP: 25/33 MP: 5/5
  3172 | D:4      | Found a radiant altar of Vehumet.
  3271 | D:4      | Found Boiceo's Armour Boutique.
  3628 | D:5      | Entered Level 5 of the Dungeon
  3628 | D:5      | Noticed an ogre
  3628 | D:5      | Noticed a centaur
  3634 | D:4      | Killed a centaur
  3635 | D:4      | Reached XP level 6. HP: 37/39 MP: 6/6
  3640 | D:5      | Mangled by an ogre

Illustrated notes

Levels and vault maps discovered:
D:1:      kennysheep_arrival_seaside, layout_basic
D:2:      layout_loops_ring, lemuel_flame_loot_1
D:3:      layout_basic, lemuel_crystal_altar
D:4:      layout_gridville, nicolae_vehumet_radiance, serial_shops, shop
D:5:      layout_rooms, grunt_temple_overflow_diamond,
          nicolae_nh_oracle_at_delphi

Skill      XL: |  1  2  3  4 |
---------------+-------------+-----
Fighting       | 4 |  4.7
Shields        | 4 |  4.6
Armour         | 4 |  4.6
Maces & Flails | 3 |  3.6

Action                     |  1- 3 |  4- 6 || total
---------------------------+-------+-------++-------
  Melee: Flail             |   175 |   115 ||   290
    Use: Scroll            |       |     8 ||     8
         Potion            |       |     1 ||     1
 Armour: Scale mail        |   164 |    46 ||   210
         Chain mail        |       |    50 ||    50
  Dodge: Dodged            |   114 |    49 ||   163
  Block: Buckler           |    48 |    25 ||    73
